 Dungeon Crawl Stone Soup version 0.32-a0-616-g9348d4545b (webtiles) character file.

Game seed: 512462435304345759

201 runemasterragnar the Chopper (level 5, -2/41 HPs)
             Began as a Coglin Gladiator on Mar 6, 2024.
             Slain by a gnoll
             ... wielding a +0 flail
              (10 damage)
             ... on level 3 of the Dungeon.
             The game lasted 00:02:30 (1583 turns).

runemasterragnar the Chopper (Coglin Gladiator)     Turns: 1583, Time: 00:02:30

Health: -2/41      AC:  4    Str: 17    XL:     5   Next: 79%
Magic:  5/5        EV: 12    Int:  7    God:
Gold:   124        SH:  0    Dex: 15    Spells: 4/4 levels left

rFire   . . .        a - +0 war axe {Jubei}
rCold   . . .        k - +2 dagger (venom) {Ai}
rNeg    . . .        b - +0 leather armour
rPois   .            c - +0 helmet
rElec   .            (no cloak)
rCorr   .            (no gloves)
SInv    .            (no boots)
Will    .....        (amulet unavailable)
Stlth   +            (ring unavailable)
HPRegen 0.26/turn    (ring unavailable)
MPRegen 0.09/turn    (no gizmo)

%: no passive effects
@: mighty, revved
A: off-hand wielding, slow wielding, warmup strikes, no jewellery
a: Invent Gizmo


You were on level 3 of the Dungeon.
You visited 1 branch of the dungeon, and saw 3 of its levels.

You collected 124 gold pieces.

Inventory:

Hand Weapons
 a - a +0 war axe (weapon) {Jubei}
 f - a +0 dagger {Eadburga}
 k - a +2 dagger of venom (offhand) {Ai}
Missiles
 d - 2 throwing nets (quivered)
 e - 3 javelins
Armour
 b - a +0 leather armour (worn)
 c - a +0 helmet (worn)
Talismans
 n - a talisman of death
Wands
 r - a wand of iceblast (6)
Scrolls
 h - a scroll of enchant weapon {unknown}
 i - a scroll of revelation {unknown}
 j - a scroll of torment {unknown}
 l - a scroll of poison {unknown}
 p - 2 scrolls of identify {unknown}
 q - 2 scrolls of teleportation {unknown}
Potions
 g - a potion of heal wounds {unknown}
 m - 2 potions of curing


   Skills:
 + Level 3.3 Fighting
 * Level 4.9 Axes
 + Level 3.0 Throwing
 - Level 2.6 Dodging


You had 4 spell levels left.
You didn't know any spells.
Your spell library was empty.

Dungeon Overview and Level Annotations

Branches:
Dungeon (3/15)

Altars:


Innate Abilities, Weirdness & Mutations

You can wield a second weapon in your off-hand.
It takes a long time for you to wield or remove held weapons.
Your first few attacks do less damage.
You cannot equip rings or amulets.


Message History

The orc hits you with a +0 club.
The orc hits you with a +0 morningstar of protection!
* * * LOW HITPOINT WARNING * * *
The gnoll shouts!
You hit the orc but do no damage. You hit the orc with your +0 war axe.
You closely miss the orc with your +2 dagger of venom.
You hear a shout!
The orc barely misses you. The orc closely misses you.
Unknown command.
You hit the orc but do no damage. You hit the orc with your +0 war axe.
You barely miss the orc with your +0 war axe.
The orc hits you with a +0 club.
* * * LOW HITPOINT WARNING * * *
The orc barely misses you.
Unknown command.
You hit the orc with your +0 war axe.
You kill the orc!
You closely miss the orc with your +0 war axe.
The orc splashes around in the water.
Unknown command.
You hit the orc with your +2 dagger of venom.
The orc is poisoned.
The orc is lightly wounded.
You hit the orc with your +0 war axe. The orc barely misses you.
The orc splashes around in the water.
Unknown command.
You closely miss the orc with your +2 dagger of venom.
The orc is moderately wounded.
You barely miss the orc with your +0 war axe.
The orc splashes around in the water.
The orc hits you but does no damage.
It was a potion of curing.
You feel better.
You kill the orc!
You hear a splash. x2
The gnoll hits you with a +0 flail!
* * * LOW HITPOINT WARNING * * *
It was a potion of might.
You feel very mighty all of a sudden. The gnoll hits you with a +0 flail!
You die...

#.≈≈~....# '.#.~≈≈....#
#'###≈~....#
'#############...#≈~P...#
............#ogo#≈~....#
≈≈~~≈~≈≈~~~≈#####≈~....#
~≈≈≈≈≈≈~≈≈≈≈≈≈≈≈≈≈~....#
~~~≈~~~~o≈~≈~~~≈~~~...P#
.......)g@.............#
........################
##.....## ##...# ####


You could see a gnoll and 2 orcs.

Vanquished Creatures
  A howler monkey (D:3)
  A hound (D:3)
  Ijyb (D:3)
  Robin (D:3)
  3 adders
  5 orcs (D:3)
  2 endoplasms
  2 giant cockroaches (D:1)
  9 goblins
  6 hobgoblins
  11 jackals (D:3)
  2 quokkas
  2 ball pythons (D:2)
  5 bats
  A frilled lizard (D:3)
  4 kobolds
  4 rats
60 creatures vanquished.

Notes
Turn   | Place    | Note
-------+----------+-------------------------------------------
     0 | D:1      | runemasterragnar the Coglin Gladiator began the quest for
                  | the Orb.
     0 | D:1      | Reached XP level 1. HP: 16/16 MP: 1/1
   213 | D:1      | Reached XP level 2. HP: 14/22 MP: 2/2
   865 | D:2      | Reached XP level 3. HP: 28/28 MP: 3/3
  1384 | D:3      | Noticed Robin
  1401 | D:3      | Reached skill level 4 in Axes
  1401 | D:3      | Reached XP level 4. HP: 34/34 MP: 4/4
  1409 | D:3      | Killed Robin
  1497 | D:3      | Reached XP level 5. HP: 35/41 MP: 5/5
  1551 | D:3      | Noticed Ijyb
  1565 | D:3      | Killed Ijyb
  1583 | D:3      | Slain by a gnoll

Illustrated notes

Levels and vault maps discovered:
D:1:      lightli_arrival_quake, layout_loops_ring, nrook_mini_vaults
D:2:      layout_loops_cross
D:3:      lemuel_castle_with_subvaults [lemuel_castle_interior_carwin_1],
          layout_rooms, hangedman_decor_push, uniq_robin, uniq_ijyb

Skill      XL: |  1  2  3  4  5 |
---------------+----------------+-----
Throwing       | 2 3 |  3.0
Axes           | 4 |  4.9
Fighting       | 3 |  3.3
Dodging        | |  2.6

Action                     |  1- 3 |  4- 6 || total
---------------------------+-------+-------++-------
  Melee: War axe           |    60 |    58 ||   118
         Dagger            |    55 |    52 ||   107
  Throw: Throwing net      |       |     1 ||     1
    Use: Potion            |       |     2 ||     2
 Armour: Leather armour    |    36 |    32 ||    68
  Dodge: Dodged            |    35 |    34 ||    69

Table legend: (Time is in decaauts)
 A = Elapsed time spent in this place.
 B = Non-inter-level travel time spent in this place.
 C = Inter-level travel time spent in this place.
 D = Time resting spent in this place.
 E = Time spent auto-exploring this place.
 F = Levels seen in this place.
 G = Mean time per level.
                   A        B        C        D        E       F      G
               +--------+--------+--------+--------+--------+-----+--------+
         Total |   1606 |   1536 |     70 |     50 |   1104 |   3 |  535.3 |
       Dungeon |   1606 |   1536 |     70 |     50 |   1104 |   3 |  535.3 |
               +--------+--------+--------+--------+--------+-----+--------+

Top non-repeatable levels by time:
     D:1: 796 daAuts
     D:2: 550 daAuts
     D:3: 259 daAuts
